 Dungeon Crawl Stone Soup version 0.27.1-34-g3ba077fa99 (webtiles) character file.

Game seed: 16419992996130634179

203123 toffzen the Warrior (level 18, -2/193 HPs)
             Began as a Gargoyle Berserker on Jan 12, 2022.
             Was a High Priest of Trog.
             Slain by a yaktaur captain (5 damage)
             ... on level 1 of the Vaults on Jan 15, 2022.
             The game lasted 01:23:53 (39004 turns).

toffzen the Warrior (Gargoyle Berserker)           Turns: 39004, Time: 01:23:54

Health: -2/193     AC: 30    Str: 24    XL:     18   Next: 60%
Magic:  18/18      EV: 18    Int:  7    God:    Trog [*****.]
Gold:   1216       SH:  5    Dex: 21    Spells: 17/17 levels left

rFire    . . .     SeeInvis .   e - +2 battleaxe (vamp)
rCold    + . .     Faith    .   (shield currently unavailable)
rNeg     + . .     Spirit   .   v - +1 ring mail {rC+}
rPois    ∞         Reflect  +   E - +1 hat {Will+}
rElec    +         Harm     .   y - scarf {repulsion}
rCorr    .         Rampage  .   N - +3 pair of gauntlets of War {Slay+5}
Will     +++..                  M - +0 pair of boots
Stlth    ..........             S - amulet of reflection
HPRegen  0.42/turn              H - +6 ring of dexterity
MPRegen  0.16/turn              B - ring "Juurets" {*Slow +Blink Will+ Slay+2}

@: berserking, flying, repel missiles, very quick
A: sickness immunity, AC +13, big wings, negative energy resistance 1,
electricity resistance, torment resistance 1, petrification resistance, antennae
1
}: 1/15 runes: gossamer
a: Renounce Religion, Evoke Blink, Berserk, Trog's Hand, Brothers in Arms


You were on level 1 of the Vaults.
You worshipped Trog.
Trog was extremely pleased with you.
You visited 5 branches of the dungeon, and saw 28 of its levels.

You collected 2117 gold pieces.
You spent 901 gold pieces at shops.

Inventory:

Hand Weapons
 a - a +2 vorpal executioner's axe
 b - the +6 fustibalus of Bodily Harmony {freeze, Str+7 Int+4 Stlth-}
   (You found it on level 14 of the Dungeon)

   Any ammunition fired from it freezes those it strikes, dealing additional
   cold damage.
   It can also slow down cold-blooded creatures.
   Str:       It affects your strength (+7).
   Int:       It affects your intelligence (+4).
   Stlth:     It makes you less stealthy.
 c - a +4 antimagic battleaxe
 e - a +2 vampiric battleaxe (weapon)
 f - a +2 battleaxe of flaming
 U - a +5 battleaxe of freezing
 Y - a +2 antimagic broad axe
Missiles
 D - 659 stones (quivered)
 J - 4 throwing nets
Armour
 r - a +2 kite shield
 v - a +1 ring mail of cold resistance (worn)
 y - a scarf of repulsion (worn)
 E - a +1 hat of willpower (worn)
 M - a +0 pair of boots (worn)
 N - the +3 pair of gauntlets of War (worn) {Slay+5}
   (You acquired it on level 2 of the Orcish Mines)

   Slay:      It affects your accuracy & damage with ranged weapons and melee
   (+5).
 Q - +0 fire dragon scales
Jewellery
 n - a +6 ring of intelligence
 p - a +4 ring of protection
 w - the ring of Gigenk {rC- rN++ Str+6 Int+5}
   (You found it on level 5 of the Dungeon)

   [ring of strength]

   Str:       It affects your strength (+6).
   Int:       It affects your intelligence (+5).
   rC:        It makes you vulnerable to cold.
   rN:        It greatly protects you from negative energy.
 B - the ring "Juurets" (right hand) {*Slow +Blink Will+ Slay+2}
   (You found it on level 8 of the Dungeon)

   [ring of willpower]

   Slay:      It affects your accuracy & damage with ranged weapons and melee
   (+2).
   +Blink:    It lets you blink.
   *Slow:     It may slow you when you take damage.
   Will:      It increases your willpower.
 H - a +6 ring of dexterity (left hand)
 S - an amulet of reflection (around neck)
 T - a ring of protection from cold
 V - a ring of protection from fire
Wands
 j - a wand of flame (36)
 x - a wand of mindburst (10)
 A - a wand of iceblast (18)
 P - a wand of polymorph (13)
 X - a wand of acid (7)
Scrolls
 g - 3 scrolls of enchant weapon
 k - 7 scrolls of enchant armour
 m - 7 scrolls of teleportation
 u - a scroll of magic mapping
 z - 2 scrolls of immolation
 F - 9 scrolls of identify
 G - 4 scrolls of vulnerability
 L - 5 scrolls of fear
 O - a scroll of blinking
 W - 3 scrolls of fog
Potions
 d - 6 potions of lignification
 h - 4 potions of cancellation
 i - 5 potions of curing
 l - 8 potions of ambrosia
 o - a potion of resistance
 q - 5 potions of invisibility
 s - 4 potions of mutation
 t - 2 potions of berserk rage
 C - 5 potions of might
 I - a potion of haste
 K - a potion of heal wounds
 R - 4 potions of attraction


   Skills:
 + Level 19.8 Fighting
 + Level 18.2 Axes
 - Level 14.3 Armour
 - Level 9.7 Dodging
 - Level 10.4 Shields


You had 17 spell levels left.
You didn't know any spells.
Your spell library was empty.

Dungeon Overview and Level Annotations

Branches:
Dungeon (15/15)            Temple (0/1) D:6            Lair (6/6) D:8
 Shoals (0/4) Lair:4       Spider (4/4) Lair:4        Slime (0/5) Lair:5
    Orc (2/2) D:10            Elf (0/3) Orc:2        Vaults (1/5) D:13
 Depths (0/5) D:15

Altars:
Ashenzari
Dithmenos
Fedhas
Kikubaaqudgha
Qazlal
Sif Muna
Vehumet
Yredelemnul
Beogh
Jiyva
Lugonu

Shops:
D:7 !   D:9 (   Orc:2 ?[?:

Portals:
Abyss: Lair:6
Trove: D:13 (give 6 scrolls of fear)

Annotations:
Lair:3 exclusion: oklob plant


Innate Abilities, Weirdness & Mutations

You are immune to sickness and miasma.
Your stone body is resilient. (AC +13)
You are immune to poison.
Your large and strong wings let you fly.
You resist negative energy. (rN+)
You are resistant to electric shocks. (rElec)
You are resistant to unholy torment.
You are immune to petrification.
You have a pair of small antennae on your head.


Message History

You are too injured to fight recklessly!
You are too injured to fight recklessly!
A red film seems to cover your vision as you go berserk!
You feel yourself moving faster!
You feel mighty!
The yaktaur captain unwields a +0 arbalest.
The yaktaur captain closely misses you.
The tengu reaver points at you and mumbles some strange words.
The bolt of acid hits you!!!
* * * LOW HITPOINT WARNING * * *
You are splashed with acid!
* * * LOW HITPOINT WARNING * * *
You slice the tengu reaver!!
The tengu reaver is moderately wounded.
You slash the yaktaur captain! You slash the tengu reaver!
You feel better.
The tengu reaver is moderately wounded.
You slash the yaktaur captain!
The yaktaur captain completely misses you.
The tengu reaver hits you with a +2 great mace of protection!!
* * * LOW HITPOINT WARNING * * *
The tengu reaver pecks you but does no damage.
The tengu reaver claws you but does no damage.
You hit the tengu reaver but do no damage.
The tengu reaver is moderately wounded.
You slice the yaktaur captain!!
You feel better.
You slash the yaktaur captain!
You feel better.
The yaktaur captain is almost dead.
You miss the tengu reaver.
The yaktaur captain hits you but does no damage.
The tengu reaver hits you with a +2 great mace of protection!!
* * * LOW HITPOINT WARNING * * *
The tengu reaver pecks you but does no damage.
The tengu reaver claws you but does no damage.
You slash the yaktaur captain!
The yaktaur captain is almost dead.
You closely miss the tengu reaver. You barely miss the yaktaur captain.
The yaktaur captain is almost dead.
You slash the tengu reaver! The yaktaur captain hits you.
You die...

#......#.....#.#........
#......#...###.#...#####
#......#...).#.#.....#.#
#......#...#.#.#...###.#
#......#...#..(#...#.#.#
#......#...#.#)#...#.#.#
#......#...#.#.......#..
#.....§#################
#......@§§§..#
#'#''##cQ§§.... ......
#§§§§.... #......
.§§§§.... #......
##§§§§... ..... ..§§...
.... ....... ...)###


You could see a tengu reaver and a yaktaur captain.

Vanquished Creatures
  Arachne (Spider:3)
  Rupert (D:12)
  Gastronok (D:8)
  A fire giant (D:15)
  2 orc warlords
  4 emperor scorpions
  5 ghost moths
  2 ironbound preservers
  Nessos (D:13)
  5 entropy weavers
  2 spark wasps
  2 fire dragons
  2 yaktaur captains
  Snorg (Lair:3)
  Josephine (Spider:1)
  Erolcha (Orc:2)
  Harold (D:10)
  A servant of whispers (Vaults:1)
  5 boulder beetles
  The ghost of FLACIDUS the Cleaver, a journeyman FoFi of Okawaru (Lair:1)
  19 hydras
  3 ogre magi
  The ghost of diceflayer the Cleaver, a novice MiFi of Okawaru (D:8)
  2 catoblepae
  A peacekeeper (Vaults:1)
  A death knight (D:15)
  3 two-headed ogres
  3 ironbound frosthearts (Vaults:1)
  7 centaur warriors
  7 death yaks
  A deep troll earth mage (D:14)
  2 tengu warriors
  Urug (D:13)
  2 thrashing horrors (Lair:6)
  A skeletal warrior (D:15)
  3 large abominations (Lair:6)
  5 deep trolls
  2 ironbound convokers (Vaults:1)
  2 wizards
  An orc knight (Orc:1)
  A harpy (D:14)
  A necromancer (D:11)
  A deep elf pyromancer (D:15)
  A manticore (shapeshifter) (D:8)
  7 orc sorcerers (Orc:2)
  A mana viper (shapeshifter) (D:8)
  31 wolf spiders
  9 slime creatures
  11 orb spiders
  6 manticores
  10 elephants
  5 black mambas
  7 cyclopes
  A merfolk siren (Lair:4)
  26 ugly things
  2 moths of wrath (Spider:4)
  9 cane toads
  A guardian serpent (shapeshifter) (D:11)
  An unseen horror (D:13)
  2 smoke demons (Lair:6)
  Maggie (D:8)
  A gargoyle (D:14)
  3 rime drakes (Lair:4)
  7 komodo dragons
  2 freezing wraiths (D:15)
  9 yaktaurs
  2 tengu conjurers (D:15)
  8 demonic crawlers
  4 kobold demonologists
  2 ancient zymes (Lair:6)
  A polar bear (shapeshifter) (D:8)
  4 meliai
  A jumping spider (shapeshifter) (D:11)
  5 trolls
  8 hornets
  A queen bee (D:14)
  27 jumping spiders
  A blink frog (shapeshifter) (D:8)
  28 blink frogs
  2 saltlings (Vaults:1)
  Grinder (D:4)
  2 shadows
  12 small abominations (Lair:6)
  42 tarantellas
  80 redbacks
  35 yaks
  3 ynoxinuls (Lair:6)
  8 wraiths
  3 wyverns
  A steam dragon (D:10)
  16 humans
  2 neqoxecs (D:8)
  3 basilisks
  2 vampire mosquitoes (D:14)
  A chaos spawn (Lair:6)
  4 wargs
  Menkaure (D:4)
  The ghost of toffzen the Skirmisher, an amateur GrFi (D:3)
  6 swamp worms (Lair:5)
  An acid dragon (D:11)
  16 water moccasins
  A sky beast (D:5)
  2 black bears
  35 orc warriors
  A sky beast (shapeshifter) (Lair:6)
  13 ogres
  A necrophage (D:7)
  19 wolves
  8 centaurs
  3 kobold brigands
  14 bullfrogs
  A wyvern zombie (D:8)
  5 scorpions
  16 killer bees
  A troll zombie (D:10)
  13 wights
  3 howler monkeys
  5 electric eels
  A lava snake (D:12)
  2 centaur zombies
  A bullfrog zombie (D:7)
  A jelly (D:6)
  2 hounds
  A bullfrog skeleton (D:4)
  2 gnoll shamans
  18 orc priests
  6 hell rats (Lair:2)
  7 iguanas
  48 orc wizards
  A killer bee zombie (D:7)
  7 ogre zombies (D:10)
  2 hound skeletons (D:4)
  A mummy (D:7)
  A howler monkey zombie (D:7)
  A gnoll (shapeshifter) (D:15)
  8 adders
  9 gnolls
  A white imp (D:7)
  An ufetubus (D:7)
  3 worms (Lair:4)
  5 dart slugs
  80 orcs
  8 bats
  5 endoplasms
  6 giant cockroaches
  4 goblins
  9 hobgoblins
  4 jackals (D:1)
  8 kobolds
  3 quokkas
  13 ball pythons
  5 frilled lizards
  A goblin skeleton (D:10)
  4 goblin zombies (D:10)
  2 hobgoblin zombies (D:10)
  3 orc skeletons (D:10)
  15 orc zombies (D:10)
  4 rats
  10 briar patches (Lair:5)
  A butterfly (Lair:3)
1052 creatures vanquished.

Vanquished Creatures (collateral kills)
  A ghost moth (Spider:4)
  A boulder beetle (D:14)
  A cane toad (Lair:5)
  A polar bear (Lair:5)
  A hornet (Spider:4)
  A wyvern (Lair:5)
  3 yaks (Lair:5)
  A basilisk (Lair:5)
  A water moccasin (Lair:5)
  2 wolves (Lair:5)
13 creatures vanquished.

Vanquished Creatures (others)
  13 fungi
  15 plants
  4 withered plants
32 creatures vanquished.

Grand Total: 1097 creatures vanquished

Notes
Turn   | Place    | Note
-------+----------+-------------------------------------------
     0 | D:1      | toffzen the Gargoyle Berserker began the quest for the Orb.
     0 | D:1      | Reached XP level 1. HP: 14/14 MP: 1/1
    36 | D:1      | Reached XP level 2. HP: 19/19 MP: 2/2
   334 | D:1      | Reached XP level 3. HP: 23/23 MP: 3/3
  1008 | D:2      | Reached XP level 4. HP: 25/29 MP: 4/4
  1127 | D:2      | You fall into a shaft and drop 1 floor!
  1448 | D:3      | Reached ** piety under Trog
  2033 | D:3      | Noticed an ogre
  2033 | D:3      | Noticed toffzen's ghost (amateur GrFi)
  2033 | D:3      | Identified the +6 great mace of Integrity {drain, Contam
                  | Str+5 Dex+7}
  2033 | D:3      | Noticed an ogre
  2033 | D:3      | Noticed an ogre
  2034 | D:3      | Found a transporter.
  2035 | D:3      | Found a transporter.
  2163 | D:3      | Found a basalt altar of Yredelemnul.
  2165 | D:3      | Found a shadowy altar of Dithmenos.
  2319 | D:3      | Reached skill level 4 in Fighting
  2319 | D:3      | Reached XP level 5. HP: 33/33 MP: 5/5
  2622 | D:4      | Noticed Menkaure
  2806 | D:4      | Killed Menkaure
  2807 | D:4      | Reached XP level 6. HP: 39/39 MP: 6/6
  2989 | D:4      | Noticed Grinder
  2997 | D:4      | Paralysed by Grinder for 3 turns
  3033 | D:4      | Killed Grinder
  3034 | D:4      | Reached skill level 5 in Fighting
  3034 | D:4      | Reached skill level 5 in Axes
  3034 | D:4      | Reached XP level 7. HP: 44/44 MP: 7/7
  3781 | D:5      | Entered Level 5 of the Dungeon
  3907 | D:5      | Identified the ring of Gigenk {rC- rN++ Str+6 Int+5}
  3947 | D:5      | Reached XP level 8. HP: 50/50 MP: 8/8
  4445 | D:5      | Reached skill level 5 in Armour
  4931 | D:6      | Reached skill level 6 in Fighting
  4965 | D:6      | Reached *** piety under Trog
  5307 | D:6      | Reached XP level 9. HP: 52/56 MP: 9/9
  5487 | D:6      | Found a staircase to the Ecumenical Temple.
  5881 | D:7      | Found Feiq's Distillery.
  5901 | D:7      | Bought a potion of heal wounds for 70 gold pieces
  5977 | D:7      | Identified the +1 chain mail of Grim the Leaf {*Corrode
                  | rElec Int+7}
  6064 | D:7      | Noticed a two-headed ogre
  6076 | D:7      | Killed a two-headed ogre
  6077 | D:7      | Reached skill level 7 in Fighting
  6077 | D:7      | Reached skill level 5 in Dodging
  6416 | D:7      | Reached **** piety under Trog
  6824 | D:8      | Reached XP level 10. HP: 52/63 MP: 10/10
  6834 | D:8      | Identified the ring "Juurets" {*Slow +Blink Will+ Slay+2}
  6989 | D:8      | Noticed Maggie
  7001 | D:8      | Killed Maggie
  7087 | D:8      | Found a staircase to the Lair.
  7267 | D:8      | Noticed a cyan ugly thing
  7268 | D:8      | Noticed a purple ugly thing
  7269 | D:8      | Noticed a brown ugly thing
  7272 | D:8      | Found a runed translucent gate.
  7272 | D:8      | Noticed a cyan ugly thing
  7273 | D:8      | Found a runed translucent gate.
  7274 | D:8      | Found a runed translucent gate.
  7327 | D:8      | Noticed Gastronok
  7344 | D:8      | Killed Gastronok
  7345 | D:8      | Reached skill level 8 in Fighting
  7907 | D:9      | Reached XP level 11. HP: 65/69 MP: 11/11
  7910 | D:9      | Reached skill level 10 in Axes
  8084 | D:9      | Found Qaivveis's Weapon Shop.
  8380 | D:10     | Entered Level 10 of the Dungeon
  8446 | D:10     | Reached skill level 9 in Fighting
  8464 | D:10     | Reached ***** piety under Trog
  8475 | D:10     | Found a staircase to the Orcish Mines.
  8876 | D:10     | Noticed Harold
  9343 | D:10     | Killed Harold
  9620 | Lair:1   | Entered Level 1 of the Lair of Beasts
  9866 | Lair:1   | Found a runed translucent door.
  9867 | Lair:1   | Noticed FLACIDUS's ghost (journeyman FoFi)
 11703 | Lair:2   | Noticed a five-headed hydra
 11748 | Lair:2   | Reached XP level 12. HP: 69/77 MP: 12/12
 11751 | Lair:2   | Reached skill level 10 in Fighting
 12000 | Lair:2   | Killed a five-headed hydra
 12260 | Lair:2   | Noticed an eight-headed hydra
 12271 | Lair:2   | Killed an eight-headed hydra
 12525 | Lair:2   | Reached skill level 10 in Armour
 12677 | Lair:3   | Found a broken altar of Ashenzari.
 12702 | Lair:3   | Noticed an eight-headed hydra
 12715 | Lair:3   | Killed an eight-headed hydra
 12715 | Lair:3   | Received a gift from Trog
 12740 | Lair:3   | Noticed Snorg
 12905 | Lair:3   | Noticed a six-headed hydra
 12915 | Lair:3   | Killed a six-headed hydra
 13028 | Lair:3   | Noticed a four-headed hydra
 13041 | Lair:3   | Killed a four-headed hydra
 13142 | Lair:3   | Killed Snorg
 13490 | Lair:3   | Noticed an eight-headed hydra
 13500 | Lair:3   | Killed an eight-headed hydra
 13600 | Lair:3   | Reached skill level 11 in Fighting
 13601 | Lair:3   | Reached XP level 13. HP: 62/84 MP: 13/13
 14631 | Lair:4   | Found a hole to the Spider Nest.
 14776 | Lair:4   | Found a basalt altar of Yredelemnul.
 14960 | Lair:4   | Found a staircase to the Shoals.
 15362 | Lair:5   | Found a transporter.
 15423 | Lair:5   | Received a gift from Trog
 15620 | Lair:5   | Found a transporter.
 15900 | Lair:5   | Found a viscous altar of Jiyva.
 15900 | Lair:5   | Found a staircase to the Slime Pits.
 16178 | Lair:6   | Entered Level 6 of the Lair of Beasts
 16179 | Lair:6   | Identified the +1 robe "Pothrye Mevi" {Rampage rF+ Regen+}
 16852 | Lair:6   | Reached skill level 12 in Fighting
 16862 | Lair:6   | Gained mutation: Your large and strong wings let you fly.
                  | [Gargoyle growth]
 16862 | Lair:6   | Reached XP level 14. HP: 63/92 MP: 14/14
 18233 | Lair:6   | Found a corrupted altar of Lugonu.
 18233 | Lair:6   | Found a one-way gate to the infinite horrors of the Abyss.
 19355 | D:11     | Found a blossoming altar of Fedhas.
 20052 | D:11     | Received a gift from Trog
 20073 | D:12     | Reached skill level 13 in Fighting
 20175 | D:12     | Gained mutation: You have a pair of small antennae on your
                  | head. [a neqoxec]
 21185 | D:12     | Reached skill level 15 in Axes
 21263 | D:12     | Reached XP level 15. HP: 99/99 MP: 15/15
 21348 | D:13     | Noticed Rupert
 21348 | D:13     | Noticed Urug
 21348 | D:13     | Found a gate to the Vaults.
 21361 | D:12     | Killed Rupert
 21466 | D:13     | Killed Urug
 21692 | D:13     | Reached skill level 14 in Fighting
 21938 | D:13     | Noticed Nessos
 22287 | Orc:1    | Entered Level 1 of the Orcish Mines
 23115 | Orc:2    | Entered Level 2 of the Orcish Mines
 23171 | Orc:2    | Noticed an orc warlord
 23206 | Orc:1    | Killed an orc warlord
 23628 | Orc:2    | Found a staircase to the Elven Halls.
 23807 | Orc:2    | Reached ****** piety under Trog
 23889 | Orc:2    | Received a gift from Trog
 24048 | Orc:2    | Found Wowk's Book Shoppe.
 24139 | Orc:2    | Found Xaohet's Magic Scroll Emporium.
 24154 | Orc:2    | Bought a scroll of acquirement for 780 gold pieces
 24168 | Orc:2    | Acquired the +3 pair of gauntlets of War {Slay+5}
 24168 | Orc:2    | Found the +3 pair of gauntlets of War {Slay+5}
 24199 | Orc:2    | Found an ancient bone altar of Kikubaaqudgha.
 24274 | Orc:2    | Noticed Erolcha
 24284 | Orc:2    | Killed Erolcha
 24321 | Orc:2    | Found Tuso's Antique Armour Shoppe.
 24374 | Orc:2    | Found Fumelia's Magic Scroll Shoppe.
 24385 | Orc:2    | Bought a scroll of teleportation for 51 gold pieces
 24400 | Orc:2    | Found a radiant altar of Vehumet.
 24805 | D:13     | Killed Nessos
 25182 | D:13     | You are sucked into a shaft and drop 2 floors!
 25182 | D:15     | Entered Level 15 of the Dungeon
 25198 | D:15     | Reached skill level 15 in Fighting
 25431 | D:13     | Found a portal to a secret trove of treasure.
 25750 | D:14     | Reached XP level 16. HP: 53/108 MP: 16/16
 26592 | D:14     | Received a gift from Trog
 26895 | D:14     | Identified the +6 fustibalus of Bodily Harmony {freeze,
                  | Str+7 Int+4 Stlth-}
 27708 | D:15     | Found a shimmering blue altar of Sif Muna.
 27739 | D:15     | Found a staircase to the Depths.
 28029 | D:15     | Reached skill level 16 in Fighting
 28470 | D:15     | Found a stormy altar of Qazlal.
 28470 | D:15     | Identified the +0 cloak of Vehumet's Displeasure {rPois
                  | Dex+2}
 28608 | D:15     | Identified the +7 rapier of Nuafut {elec, rF- rC+++}
 29029 | Spider:1 | Entered Level 1 of the Spider Nest
 29360 | Spider:1 | Received a gift from Trog
 30214 | Spider:1 | Noticed Josephine
 30220 | Spider:1 | Reached skill level 17 in Fighting
 30227 | Spider:1 | Killed Josephine
 30228 | Spider:1 | Reached XP level 17. HP: 116/116 MP: 17/17
 30796 | Spider:2 | You are sucked into a shaft and drop 1 floor!
 31399 | Spider:3 | Noticed Arachne
 31420 | Spider:3 | Killed Arachne
 31524 | Spider:3 | Received a gift from Trog
 31528 | Spider:3 | Reached skill level 18 in Fighting
 33572 | Spider:4 | Entered Level 4 of the Spider Nest
 33582 | Spider:4 | Reached skill level 1 in Shields
 35043 | Spider:4 | Received a gift from Trog
 35044 | Spider:4 | Reached skill level 5 in Shields
 35882 | Spider:4 | Reached skill level 19 in Fighting
 36427 | Spider:4 | Reached XP level 18. HP: 128/128 MP: 6/18
 36636 | Spider:4 | Got a gossamer rune of Zot
 37046 | D:3      | Killed toffzen's ghost
 37234 | D:8      | Found a runed translucent gate.
 37234 | D:8      | Found a runed translucent gate.
 37240 | D:8      | Found a runed translucent gate.
 37240 | D:8      | Noticed diceflayer's ghost (novice MiFi)
 37270 | D:8      | Received a gift from Trog
 37272 | D:8      | Killed diceflayer's ghost
 37502 | Lair:1   | Killed FLACIDUS's ghost
 37672 | Lair:5   | Identified the ring "Ubaetaf" {rElec rC+}
 37999 | Vaults:1 | Entered Level 1 of the Vaults
 38038 | Vaults:1 | Reached skill level 10 in Shields
 39002 | Vaults:1 | HP: 3/193 [tengu reaver (23)]
 39004 | Vaults:1 | Slain by a yaktaur captain

Illustrated notes

Levels and vault maps discovered:
D:1:      mainiacjoe_arrival_reflecting_pool, layout_basic
D:2:      layout_basic
D:3:      minmay_door_path, layout_basic,
          chequers_temple_overflow_statue_of_worship, gammafunk_ghost_smash,
          gup_sewer_entry_glass
D:4:      layout_loops_ring, uniq_menkaure, uniq_grinder
D:5:      layout_basic
D:6:      layout_rooms, minmay_temple_entry_crystal_x
D:7:      layout_basic, serial_undead, serial_undead_e, serial_undead_b,
          serial_undead_b, serial_undead_d, serial_shops, nicolae_square_shop
D:8:      layout_loops_ring, lair_entry_dummy,
          ploomutoo_gammafunk_ghost_potion_laboratory, uniq_maggie,
          uniq_gastronok
D:9:      layout_irregular_city, serial_shops, shop
D:10:     layout_stronghold, zombieorc2_lemuel, chequers_serial_rivers_micro_d,
          chequers_hall_statues_wall_a, uniq_harold
D:11:     layout_stronghold, nicolae_two_hexagons, fedhas_altar_2
D:12:     minmay_connected_triangles_in_corner, layout_long_grid,
          nicolae_lava_and_water, hangedman_decor_opposing,
          hellmonk_bongcloud_opening
D:13:     layout_basic, david_vaults_3, nicolae_trove_entry_crystal,
          corexii_corridor_pit, uniq_nessos
D:14:     minmay_expanding_squares, layout_gridville, special_room
          [special_room_bee]
D:15:     grunt_enter_depths_giant_problem, layout_basic, basic_altar,
          nicolae_qazlal_general_emergency
Lair:1:   layout_layer_cave, gammafunk_ghost_grave, grunt_megastairs_4,
          serial_bayou_shore_a
Lair:2:   layout_gridlike
Lair:3:   layout_chaotic_city, basic_altar, minmay_lair_oklob_chamber,
          grunt_megastairs_2, lemuel_fruit_fields, uniq_snorg
Lair:4:   layout_hall_layers, minmay_shoals_entry_lonely_mermaid,
          nicolae_spider_entry_non_spiders, basic_altar,
          chequers_serial_rivers_marsh, infiniplex_staircase_pool
Lair:5:   gammafunk_worm_tunnel, layout_gridlike,
          dpeg_slime_entry_enclosed_altar, beast_lair_carwin_8
Lair:6:   hellmonk_lair_end_abyssal_woods, layout_cave_pods
Spider:1: layout_spider_delve, uniq_josephine
Spider:2: layout_spider_delve
Spider:3: layout_chambers, uniq_arachne
Spider:4: spider_rune_water, drop_trap
Orc:1:    layout_caves, basic_altar
Orc:2:    kennysheep_orc_mage_school, layout_diamond_mine
Vaults:1: vaults_room_semicircle, nicolae_vaults_network_barrier,
          v_alt_pattern_5, vaults_mumra_lcd, vaults_room_grunt_arrival_ludios,
          nicolae_vaults_little_squares_6, ontoclasm_vaults_ring_small,
          hangedman_vaults_slice, nicolae_vaults_little_ls, v_alt_pattern_2,
          nicolae_vaults_triangles, layout_vaults_omnicross,
          portal_desolation_entry_salt

Skill      XL: |  1  2  3  4  5  6  7  8  9 10 11 12 13 14 15 16 17 18 |
---------------+-------------------------------------------------------+-----
Axes           | 3 4 5 7 8 9 11 12 13 15 17 18 | 18.2
Dodging        | 2 3 4 5 6 7 8 9 |  9.7
Armour         | 3 4 5 7 8 9 10 11 12 13 14 | 14.3
Fighting       | 4 5 6 7 8 9 11 12 13 15 17 19 | 19.8
Shields        | 7 10 | 10.4

Action                   |  1- 3 |  4- 6 |  7- 9 | 10-12 | 13-15 | 16-18 || total
-------------------------+-------+-------+-------+-------+-------+-------++-------
Melee: Hand axe          |    93 |   156 |   108 |       |       |       ||   357
       War axe           |       |       |   105 |       |       |       ||   105
       Battleaxe         |       |       |    69 |   366 |   863 |   278 ||  1576
       Mace              |       |       |       |    36 |    27 |       ||    63
       Executioner's axe |       |       |       |       |       |   214 ||   214
       Broad axe         |       |       |       |       |       |   490 ||   490
 Fire: Hunting sling     |       |       |    32 |       |       |       ||    32
       Fustibalus        |       |       |       |       |       |   114 ||   114
Invok: Berserk           |     1 |     4 |     7 |     9 |     9 |    12 ||    42
       Trog's Hand       |       |     2 |     1 |     5 |    12 |    13 ||    33
       Brothers in Arms  |       |       |       |       |     1 |     3 ||     4
Evoke: Wand              |       |       |       |     6 |       |       ||     6
  Use: Scroll            |       |     6 |    10 |     6 |     8 |     8 ||    38
       Potion            |       |     2 |       |     1 |     2 |     6 ||    11
 Stab: Distracted        |       |       |       |       |       |     1 ||     1
Armor: Animal skin       |    24 |       |       |       |       |       ||    24
       Ring mail         |    20 |    87 |   170 |   319 |   533 |   787 ||  1916
       Skin              |       |    13 |       |       |       |       ||    13
Dodge: Dodged            |    67 |    86 |   169 |   350 |   678 |   768 ||  2118
       Repelled          |       |       |     1 |     3 |    16 |    15 ||    35
Block: Other             |       |       |       |       |   241 |   129 ||   370
       Reflection        |       |       |       |       |    17 |    19 ||    36
       Kite shield       |       |       |       |       |       |   546 ||   546
